 Dungeon Crawl Stone Soup version 0.29.1-2-gbd0b4ee654 (webtiles) character file.

Game seed: 15778150171598157850

106 Ivernyr the Shield-Bearer (level 4, -9/24 HPs)
             Began as a Vine Stalker Fighter on Oct 29, 2022.
             Killed by divine providence
             ... invoked by an orc priest
              (16 damage)
             ... on level 4 of the Dungeon.
             The game lasted 00:03:31 (1938 turns).

Ivernyr the Shield-Bearer (Vine Stalker Fighter)    Turns: 1938, Time: 00:03:32

Health: -9/24      AC:  6    Str: 19    XL:     4   Next: 84%
Magic:  0/5        EV:  9    Int:  8    God:
Gold:   167        SH:  5    Dex: 15    Spells: 3/3 levels left

rFire   . . .      SeeInvis .   a - +0 long sword
rCold   . . .      Faith    .   c - +0 buckler
rNeg    . . .      Spirit   +   b - +0 scale mail
rPois   .          Reflect  .   (no helmet)
rElec   .          Harm     .   (no cloak)
rCorr   .          Rampage  .   (no gloves)
Will    .....                   (no boots)
Stlth   ..........              (no amulet)
HPRegen 0.88/turn               (no ring)
MPRegen 0.09/turn               (no ring)

@: no status effects
A: fangs 2, regeneration 1, magic shield, antimagic bite, no potion heal 2
a: no special abilities


You were on level 4 of the Dungeon.
You visited 1 branch of the dungeon, and saw 4 of its levels.

You collected 167 gold pieces.

Inventory:

Hand Weapons
 a - a +0 long sword (weapon)
Armour
 b - a +0 scale mail (worn)
 c - a +0 buckler (worn)
Jewellery
 e - a +6 ring of intelligence
 y - a ring of wizardry
Scrolls
 h - 3 scrolls of identify {unknown}
 i - a scroll of butterflies {unknown}
 l - 2 scrolls of blinking {unknown}
 m - 2 scrolls of immolation {unknown}
 n - a scroll of poison {unknown}
 p - a scroll of amnesia {unknown}
 q - 2 scrolls of fear {unknown}
 s - a scroll of teleportation {unknown}
 v - a scroll of enchant armour {unknown}
 w - a scroll of enchant weapon {unknown}
 x - a scroll of noise {unknown}
Potions
 d - 2 potions of might
 f - 2 potions of resistance {unknown}
 g - a potion of ambrosia {unknown}
 j - a potion of magic {unknown}
 k - a potion of flight {unknown}
 o - a potion of lignification {unknown}
 r - a potion of mutation {unknown}
 t - 2 potions of brilliance {unknown}
 u - a potion of curing {unknown}


   Skills:
 + Level 3.2 Fighting
 + Level 2.4 Long Blades
 + Level 2.9 Armour
 + Level 1.3 Dodging
 + Level 3.3 Shields


You had 3 spell levels left.
You didn't know any spells.
Your spell library contained the following spells:

 Spells                   Type           Power      Damage    Failure   Level
 Freeze                   Ice            0%         1d3       86%         1
 Frozen Ramparts          Ice            0%         1d1       99%         3
 Hailstorm                Conj/Ice       0%         3d3       100%        4


Dungeon Overview and Level Annotations

Branches:
Dungeon (4/15)
 Temple: D:4-7

Altars:
Sif Muna
Trog
Zin
The Shining One


Innate Abilities, Weirdness & Mutations

You have extremely sharp teeth.
Your natural rate of healing is unusually fast.
When hurt, damage is shared between your health and your magic reserves.
Your bite disrupts and absorbs the magic of your enemies.
Potions cannot restore your health.


Message History

You see here a dart slug corpse.
You see here a +0 club.
There is a stone staircase leading down here.
You climb downwards.
There is a stone staircase leading up here.
Found a whip.
You see here a +0 whip.
An orc priest comes into view. It is wielding a +0 whip.
The orc priest shouts!
You hear a shout!
An orc comes into view. It is wielding a +0 club.
The orc shouts!
The orc priest invokes the aid of Beogh against you.
You struggle to resist.
An orc comes into view. It is wielding a +0 falchion.
An orc priest comes into view. It is wielding a +0 short sword.
Found a scroll labelled KICLEO LUYTE and a scroll labelled KUELIL WONU.
The orc shouts!
The orc priest mumbles some strange prayers to Beogh against you.
Beogh smites you!
The orc priest hits you but does no damage.
You closely miss the orc priest. The orc priest hits you with a +0 whip.
The orc hits you with a +0 club.
You hit the orc priest.
The orc priest is moderately wounded.
The orc priest hits you but does no damage.
The orc priest looks braver for a moment.
The orc barely misses you. The orc attacks as you move away!
The orc barely misses you.
The orc priest attacks as you move away!
The orc priest barely misses you.
The orc priest attacks as you move away!
The orc priest barely misses you.
The orc priest invokes the aid of Beogh against you.
Beogh smites you!
Ouch! That really hurt!
* * * LOW HITPOINT WARNING * * *
The orc priest calls down the wrath of Beogh upon you.
Beogh smites you!
Ouch! That really hurt!
You die...

#...# #.##...#
##### #.....o#
....# #o# ###.#
#o# ....# #o#
<#).# #.# ##..#
#.# .#..# #@#
.###############.#
.................#
##################


You could see 2 orc priests and 2 orcs.

Vanquished Creatures
  4 adders (D:2)
  3 dart slugs
  An orc (D:3)
  4 ball pythons
  An endoplasm (D:2)
  7 giant cockroaches
  4 goblins
  9 hobgoblins
  2 jackals (D:2)
  4 kobolds
  3 quokkas
  4 bats
  8 frilled lizards
  6 rats
60 creatures vanquished.

Notes
Turn   | Place    | Note
-------+----------+-------------------------------------------
     0 | D:1      | Ivernyr the Vine Stalker Fighter began the quest for the
                  | Orb.
     0 | D:1      | Reached XP level 1. HP: 11/11 MP: 2/2
     3 | D:1      | Noticed an electric eel
     4 | D:1      | Noticed an electric eel
   101 | D:1      | Reached XP level 2. HP: 16/16 MP: 3/3
   363 | D:1      | Found a faded altar of an unknown god.
   527 | D:1      | Reached XP level 3. HP: 19/19 MP: 2/4
   852 | D:2      | Reached skill level 1 in Dodging
   858 | D:2      | Gained mutation: Your natural rate of healing is unusually
                  | fast. [Vine Stalker growth]
   858 | D:2      | Reached XP level 4. HP: 12/24 MP: 3/5
  1315 | D:3      | Found a bloodstained altar of Trog.
  1504 | D:3      | Found a glowing golden altar of the Shining One.
  1680 | D:3      | Found a shimmering blue altar of Sif Muna.
  1844 | D:3      | Found a glowing silver altar of Zin.
  1938 | D:4      | Killed from afar by an orc priest

Illustrated notes

Levels and vault maps discovered:
D:1:      arrival_aquarium_b, layout_basic,
          hellmonk_ecumenical_altar_inner_sanctum
D:2:      layout_rooms
D:3:      layout_rooms, lemuel_coloured_pillars_altar, trog_hazing_becter,
          nicolae_overflow_hidden_temple, lemuel_tele_altar
D:4:      layout_basic

Skill      XL: |  1  2  3 |
---------------+----------+-----
Long Blades    | 2 |  2.4
Shields        | 3 |  3.3
Fighting       | 3 |  3.2
Dodging        | 1 |  1.3
Armour         | |  2.9

Action                   |  1- 3 |  4- 6 || total
-------------------------+-------+-------++-------
Melee: Long sword        |    84 |    85 ||   169
       Bite              |    11 |    17 ||    28
Armor: Scale mail        |    42 |    37 ||    79
Dodge: Dodged            |    44 |    44 ||    88
Block: Buckler           |    13 |    14 ||    27
